 Dungeon Crawl Stone Soup version 0.21.1-1-g345015fe64 (webtiles) character file.

2626 Alh the Cudgeler (level 9, -2/85 HPs)
             Began as a Troll Fighter on July 9, 2018.
             Was a Follower of Trog.
             Slain by a wolf (9 damage)
             ... on level 8 of the Dungeon.
             The game lasted 01:12:08 (5095 turns).

Alh the Cudgeler (Troll Fighter)                    Turns: 5095, Time: 01:12:10

Health: -2/85      AC:  5    Str: 28    XL:     9   Next: 34%
Magic:  8/8        EV: 10    Int:  4    God:    Trog [*.....]
Gold:   398        SH: 10    Dex: 10    Spells: 8/8 levels left

rFire    . . .     SeeInvis .   q - +5 rapier of Ancient Evil {drain, rPois}
rCold    . . .     Gourm    +   c - +0 shield
rNeg     . . .     Faith    .   b - +0 robe
rPois    +         Spirit   .   (helmet restricted)
rElec    .         Reflect  .   (no cloak)
rCorr    .         Harm     .   (gloves unavailable)
MR       +....                  (boots unavailable)
Stlth    +.........             (no amulet)
HPRegen  0.64/turn              i - ring of poison resistance
MPRegen  0.11/turn              v - ring of protection from magic

@: very slightly contaminated, slowed, very slow
A: large, unfitting armour, claws 3, fast metabolism 3, gourmand, regeneration
1, shaggy fur 1, tough skin 2
a: Berserk, Burn Spellbooks, Renounce Religion


You were on level 8 of the Dungeon.
You worshipped Trog.
Trog was aware of your devotion.
You were very full.

You visited 1 branch of the dungeon, and saw 8 of its levels.

You collected 398 gold pieces.

Inventory:

Hand Weapons
 a - a +4 flail
 q - the +5 rapier of Ancient Evil (weapon) {drain, rPois}
   (You found it on level 4 of the Dungeon)

   A truly terrible weapon, it drains the life of those it strikes.
   It protects you from poison.
Armour
 b - a +0 robe (worn)
 c - a +0 shield (worn)
Jewellery
 i - a ring of poison resistance (left claw)
 s - an uncursed ring of fire
 u - an uncursed ring of flight
 v - a ring of protection from magic (right claw)
Wands
 k - a wand of random effects (31)
 w - a wand of digging (18)
 z - a wand of enslavement (10)
Scrolls
 d - 4 scrolls of fog
 e - 2 scrolls of amnesia
 h - a scroll of noise {unknown}
 m - 2 scrolls of identify
 o - 3 scrolls of remove curse
 y - a scroll of silence {unknown}
 C - 3 scrolls of enchant weapon
Potions
 j - 4 potions of curing
 n - a potion of berserk rage {unknown}
 p - 2 potions of brilliance
 r - 2 potions of agility {unknown}
 t - a potion of lignification {unknown}
 x - a potion of mutation {unknown}
 A - a potion of flight {unknown}
Comestibles
 f - 13 rations


   Skills:
 + Level 4.5 Fighting
 + Level 2.1 Short Blades
 + Level 7.9 Maces & Flails
 + Level 5.0 Dodging
 + Level 1.0 Stealth
 + Level 5.0 Shields
 + Level 0.3 Evocations


You had 8 spell levels left.
You didn't know any spells.

Dungeon Overview and Level Annotations

Branches:
Dungeon (8/15)
 Temple: D:4-7         Lair: D:8-11

Altars:
Kikubaaqudgha
Trog
Xom
Zin

Shops:
D:8 *

Annotations:
D:7 Prince Ribbit
D:8 Grum


Innate Abilities, Weirdness & Mutations

You are too large for most types of armour.
You have claws for hands.
Your metabolism is lightning-fast.
You like to eat raw meat.
Your natural rate of healing is unusually fast.
You are covered in fur. (AC +1)
You have very tough skin. (AC +2)


Message History

Grum growls angrily.
The wolf howls! x2
Found 25 gold pieces.
Found Ozomut's Assorted Antiques.
A wolf comes into view.
The wolf howls!
The hound barks!
You hear a bark!
The wolf bites you but does no damage.
You hear a howl!
The hound bites you but does no damage.
Grum glances around and shouts, "Rover!
Here boy!"
The wolf closely misses you. You block the wolf's attack.
The wolf barely misses you. The wolf bites you but does no damage.
The wolf bites you.
* * * LOW HITPOINT WARNING * * *
You see here 15 gold pieces.
The wolf howls!
You hear a howl!
You block the wolf's attack. The wolf bites you!
* * * LOW HITPOINT WARNING * * *
You block the wolf's attack. The hound bites you.
* * * LOW HITPOINT WARNING * * *
The wolf bites you!
You die...

.# .# ...## ## ..#
.###...## ..# ...#
#...##....# ..##
..§§###...##..h.##...#
..§{F§§....#..g...∩.∩##
..###§................#
##§h.##...FFh.∩.∩.#.
#...#####.hhh......
..## ##h@....... h##
###......# .# ......#
.# ......# .. ......#
......# ##..... #....


You could see Grum, 5 wolves, 2 bullfrogs and a hound.

Vanquished Creatures
  The ghost of Necrophagist the Magician, a novice DECj of Vehumet (D:4)
  The ghost of raetorn the Ruffian, a novice VSBe of Trog (D:5)
  A hippogriff (D:7)
  A wraith (D:7)
  The ghost of patthesweetcat the Firebug, an amateur OpFE (D:3)
  A sky beast (D:5)
  2 orc warriors (D:7)
  An ice beast (D:7)
  2 ogres
  A centaur (D:5)
  A bullfrog (D:7)
  A wyvern zombie (D:6)
  4 wights (D:7)
  3 crimson imps
  6 orc priests
  2 jellies
  3 hounds
  4 orc wizards
  Ijyb (D:4)
  2 iguanas (D:5)
  2 worker ants
  A worker ant zombie (D:6)
  9 adders
  A shadow imp (D:6)
  An ooze (D:2)
  6 worms
  4 dart slugs
  4 leopard geckos
  16 orcs
  A ball python (D:5)
  4 bats
  3 bat zombies (D:3)
  5 giant cockroaches
  2 goblins
  3 hobgoblins
  4 quokkas
  2 frilled lizards
  2 kobolds
  A leopard gecko zombie (D:6)
  5 rats
  2 rat zombies (D:3)
117 creatures vanquished.

Notes
Turn   | Place    | Note
-------+----------+-------------------------------------------
     0 | D:1      | Alh the Troll Fighter began the quest for the Orb.
     0 | D:1      | Reached XP level 1. HP: 22/22 MP: 0/0
   405 | D:1      | Reached XP level 2. HP: 26/29 MP: 1/1
   479 | D:1      | Reached skill level 2 in Maces & Flails
   753 | D:2      | Reached XP level 3. HP: 32/36 MP: 2/2
  1018 | D:2      | Reached XP level 4. HP: 41/44 MP: 3/3
  1316 | D:3      | Noticed patthesweetcat's ghost (amateur OpFE)
  1493 | D:3      | Reached skill level 3 in Maces & Flails
  1729 | D:3      | Killed patthesweetcat's ghost
  1729 | D:3      | Reached skill level 4 in Maces & Flails
  1729 | D:3      | Reached XP level 5. HP: 43/52 MP: 4/4
  1931 | D:3      | Found an ancient bone altar of Kikubaaqudgha.
  1998 | D:3      | Found a glowing silver altar of Zin.
  2429 | D:4      | Noticed Necrophagist's ghost (novice DECj)
  2633 | D:4      | Killed Necrophagist's ghost
  2633 | D:4      | Reached XP level 6. HP: 25/61 MP: 5/5
  2669 | D:4      | Found a shimmering altar of Xom.
  2795 | D:4      | Noticed Ijyb
  2803 | D:4      | Killed Ijyb
  2832 | D:4      | Reached XP level 7. HP: 55/67 MP: 6/6
  2864 | D:4      | Got a pitted rapier
  2950 | D:4      | Reached skill level 5 in Maces & Flails
  3198 | D:5      | Entered Level 5 of the Dungeon
  3466 | D:5      | Noticed raetorn's ghost (novice VSBe)
  3541 | D:5      | Killed raetorn's ghost
  3541 | D:5      | Reached XP level 8. HP: 41/78 MP: 7/7
  3577 | D:5      | Reached skill level 6 in Maces & Flails
  3986 | D:6      | Reached skill level 7 in Maces & Flails
  4079 | D:6      | Noticed a moth of wrath
  4081 | D:6      | Found a bloodstained altar of Trog.
  4146 | D:6      | Became a worshipper of Trog the Wrathful
  4325 | D:6      | Identified Zisom's Tome of Beguiling
  4570 | D:7      | Reached XP level 9. HP: 49/84 MP: 8/8
  4579 | D:7      | Identified the +5 rapier of Ancient Evil {drain, rPois} (You found it on level 4 of the Dungeon)
  4796 | D:7      | Reached * piety under Trog
  4816 | D:7      | Reached skill level 1 in Short Blades
  4816 | D:7      | Reached skill level 1 in Stealth
  4922 | D:7      | Noticed Prince Ribbit
  5080 | D:7      | Reached skill level 5 in Dodging
  5082 | D:8      | Noticed a two-headed ogre
  5084 | D:8      | Reached skill level 5 in Shields
  5091 | D:8      | Found Ozomut's Assorted Antiques.
  5091 | D:8      | Noticed Grum
  5095 | D:8      | Slain by a wolf

Skill      XL: |  1  2  3  4  5  6  7  8  9 |
---------------+----------------------------+-----
Maces & Flails | 2 4 5 7 |  7.9
Dodging        | 3 4 5 |  5.0
Shields        | 3 4 5 |  5.0
Fighting       | 3 4 |  4.5
Short Blades   | 2 |  2.1
Stealth        | 1 |  1.0
Evocations     | |  0.3

Action                   |  1- 3 |  4- 6 |  7- 9 || total
-------------------------+-------+-------+-------++-------
Melee: Flail             |   115 |   170 |   208 ||   493
       Rapier            |       |       |    65 ||    65
Invok: Burn Spellbooks   |       |       |     2 ||     2
 Abil: Evoke Flight      |       |     1 |     1 ||     2
Evoke: Wand              |       |       |     2 ||     2
  Use: Potion            |     4 |     4 |     1 ||     9
       Scroll            |       |    12 |     7 ||    19
 Stab: Sleeping          |       |       |     1 ||     1
  Eat: Chunk             |    12 |    13 |    26 ||    51
       Ration            |       |       |     1 ||     1
Armor: Robe              |    47 |    49 |    52 ||   148
Dodge: Dodged            |    46 |    59 |    88 ||   193
Block: Shield            |    74 |    63 |   132 ||   269
